 Dungeon Crawl Stone Soup version 0.30-a0-937-ga0a21ad780 (webtiles) character file.

Game seed: 6680317639027180413

1409 BlueFish the Sneak (level 8, -3/54 HPs)
             Began as an Octopode Warper on Mar 24, 2023.
             Shot with an arrow by a centaur (9 damage)
             ... on level 6 of the Dungeon.
             The game lasted 00:12:30 (5112 turns).

BlueFish the Sneak (Octopode Warper)                Turns: 5112, Time: 00:12:31

Health: -3/54      AC:  1    Str: 12    XL:     8   Next: 70%
Magic:  0/13       EV: 14    Int: 16    God:
Gold:   181        SH:  0    Dex: 11    Spells: 10/14 levels left

rFire   . . .      SeeInvis +      - Unarmed
rCold   . . .      Faith    .    (no shield)
rNeg    . . .      Spirit   +    (helmet restricted)
rPois   .          Reflect  .    t - amulet of guardian spirit
rElec   .          Rampage  .    w - ring of see invisible
rCorr   .                        (no ring)
Will    .....                    (no ring)
Stlth   ++++                     (no ring)
HPRegen 0.29/turn                (no ring)
MPRegen 0.13/turn                (no ring)
                                 (no ring)
                                 (no ring)

@: no status effects
A: almost no armour, amphibious, 8 rings, camouflage 1, gelatinous body 1,
(nimble swimmer 1), tentacles
a: no special abilities


You were on level 6 of the Dungeon.
You visited 1 branch of the dungeon, and saw 6 of its levels.

You collected 181 gold pieces.

Inventory:

Missiles
 k - 6 poisoned darts
 r - 44 stones (quivered)
Jewellery
 t - an amulet of guardian spirit (around mantle)
 w - a ring of see invisible (left tentacle)
Scrolls
 a - 4 scrolls of blinking
 c - a scroll of noise
 d - a scroll of amnesia {unknown}
 e - a scroll of fog
 l - a scroll of magic mapping
 m - a scroll of immolation {unknown}
 p - a scroll of enchant weapon {unknown}
 u - a scroll of teleportation {unknown}
 v - a scroll of fear {unknown}
Potions
 f - a potion of lignification
 i - 2 potions of cancellation
 j - a potion of brilliance {unknown}
 o - a potion of attraction {unknown}
 s - 2 potions of might
 x - a potion of invisibility {unknown}


   Skills:
 + Level 4.0 Fighting
 + Level 3.6 Throwing
 + Level 4.3 Dodging
 * Level 7.5 Stealth
 + Level 4.1 Unarmed Combat
 + Level 3.7 Spellcasting
 + Level 4.7 Translocations


You had 10 spell levels left.
You knew the following spells:

 Your Spells              Type           Power      Damage    Failure   Level
a - Blink                 Tloc           36%        N/A       3%          2
b - Lesser Beckoning      Tloc           36%        N/A       3%          2

Your spell library contained the following spells:

 Spells                   Type           Power      Damage    Failure   Level
 Teleport Other           Tloc           18%        N/A       8%          3
 Vhi's Electric Charge    Tloc/Air       20%        N/A       21%         3
 Cigotuvi's Dreadful Rot  Necr/Pois/Air  6%         N/A       26%         2
 Poisonous Vapours        Pois/Air       6%         N/A       26%         2
 Sublimation of Blood     Necr           3%         N/A       26%         2
 Wereblood                Tmut           3%         N/A       26%         2
 Manifold Assault         Tloc           18%        N/A       26%         4
 Mephitic Cloud           Conj/Pois/Air  3%         N/A       45%         3
 Summon Hydra             Summ           1%         N/A       100%        7


Dungeon Overview and Level Annotations

Branches:
Dungeon (6/15)
 Temple: D:4-7

Altars:
Elyvilon
Kikubaaqudgha
Nemelex Xobeh
Qazlal
Yredelemnul

Shops:
D:4 :

Portals:
Abyss: D:4

Annotations:
D:3 1 runed translucent door, pigah's ghost, amateur OpWn
D:4 MachoJfn's ghost, novice DjIE


Innate Abilities, Weirdness & Mutations

You cannot wear most types of armour.
You are amphibious.
You can wear up to eight rings at the same time.
Your skin changes colour to match your surroundings (Stealth+).
Your rubbery body absorbs attacks. (AC +1, EV +1)
((You are camouflaged when in or above water. (Stealth+)))
You have tentacles for arms and can constrict up to eight enemies at once.


Message History

The white imp gestures at you. The puff of frost misses you.
You aren't carrying any items that you can evoke.
Okay, then.
Throw: 3 boomerangs (disperse)
Press: ? - help, Shift-Dir - straight line, f/p - ice beast
Aim: an ice beast (heavily wounded, 59% to hit)
You throw a boomerang of dispersal.
The boomerang of dispersal hits the white imp and shatters for extra damage!
The white imp blinks!
The white imp is severely wounded.
Casting: Blink (safe; 3% risk of failure)
Confirm with . or Enter, or press ? or * to list all spells.
You don't have enough magic to cast this spell.
Throw: 2 boomerangs (disperse)
Press: ? - help, Shift-Dir - straight line, f/p - ice beast
Aim: an ice beast (heavily wounded, 59% to hit)
You throw a boomerang of dispersal.
The boomerang of dispersal barely misses the ice beast.
The ice beast completely misses you.
Throw: boomerang (disperse)
Press: ? - help, Shift-Dir - straight line, f/p - ice beast
Aim: an ice beast (heavily wounded, 59% to hit)
You throw a boomerang of dispersal.
The boomerang of dispersal hits the ice beast and shatters for extra damage!
The ice beast blinks!
The ice beast is severely wounded.
A centaur opens the door.
The white imp picks up a beetle and eats it.
The white imp gestures at you. The puff of frost hits you!
* * * LOW HITPOINT WARNING * * *
You see here a +0 giant club.
You open the door.
An orc wizard comes into view.
It is wielding a +0 dagger and carrying a wand of iceblast (10).
The orc wizard shouts!
You hear a shout!
You hear an angry hiss.
The centaur shouts!
The centaur wields a +0 shortbow.
The centaur shoots an arrow.
The arrow hits you!
You die...

..............##.#,#S#.*,*,*****,
#######.......##...<...,,,,,,,,,,
## #.......##.#.#.#,*,******,,
[## #.......##.....,,,,,* **,,,
..## #.......##.#.#.#.*,****,,,,
...####.......##.......,,,,*,,,,,
...'............o#,*,*,*,*,+,,,,,
...####......###.#*,,,,,****,,,,,
..## #.....####@#,,*,,** **,,,,
.## #..######..##***,* **,,, ##
####..##)...# *,,* **,, #
#....)...c#***** **+
#...5##..##,,** *,
######**##.Y#*###'.,,,* *,
.....#*,,#'#*,,,*#..,,* **,
######,,..#*,,,,,*#..#* **,, .#
*,...+,,,,,,,*#'#* *,,,


You could see an ice beast, a centaur, an orc wizard and a white imp.

Vanquished Creatures
  A small abomination (D:4)
  2 water moccasins (D:6)
  A sky beast (D:6)
  2 ogres (D:6)
  3 phantoms
  A bullfrog (D:6)
  3 scorpions
  A howler monkey (D:5)
  An orc priest (D:4)
  3 orc wizards
  2 sleepcaps
  4 gnolls
  7 adders
  A white imp (D:6)
  An ufetubus (D:6)
  A worm (D:5)
  A dart slug (D:2)
  13 orcs
  An endoplasm (D:4)
  3 giant cockroaches
  5 goblins
  2 hobgoblins
  4 jackals
  7 kobolds
  3 quokkas (D:1)
  4 ball pythons
  4 bats
  4 frilled lizards
  5 rats
90 creatures vanquished.

Notes
Turn   | Place    | Note
-------+----------+-------------------------------------------
     0 | D:1      | BlueFish the Octopode Warper began the quest for the Orb.
     0 | D:1      | Reached XP level 1. HP: 14/14 MP: 3/3
   217 | D:1      | Reached skill level 1 in Stealth
   217 | D:1      | Reached XP level 2. HP: 17/19 MP: 5/5
   220 | D:1      | Learned a level 2 spell: Blink
   223 | D:1      | Learned a level 2 spell: Lesser Beckoning
   914 | D:2      | Reached XP level 3. HP: 17/24 MP: 6/6
  1218 | D:2      | Reached skill level 2 in Stealth
  1608 | D:3      | Reached XP level 4. HP: 29/29 MP: 7/7
  1860 | D:3      | Found a basalt altar of Yredelemnul.
  1860 | D:3      | Found a stormy altar of Qazlal.
  1867 | D:3      | Found a white marble altar of Elyvilon.
  1869 | D:3      | Found an ancient bone altar of Kikubaaqudgha.
  1871 | D:3      | Found a sparkling altar of Nemelex Xobeh.
  2069 | D:3      | Found a runed translucent door.
  2070 | D:3      | Noticed pigah's ghost (amateur OpWn)
  2102 | D:4      | Found a transporter.
  2134 | D:4      | Noticed a scorpion
  2150 | D:4      | Killed a scorpion
  2151 | D:4      | Reached skill level 3 in Stealth
  2151 | D:4      | Reached XP level 5. HP: 24/35 MP: 4/8
  2290 | D:4      | Found Keaxze's Book Boutique.
  2536 | D:4      | Found a one-way gate to the infinite horrors of the Abyss.
  2536 | D:4      | Noticed MachoJfn's ghost (novice DjIE)
  2613 | D:4      | Reached XP level 6. HP: 41/41 MP: 9/9
  2645 | D:4      | Reached skill level 4 in Stealth
  3038 | D:4      | Found a transporter.
  3039 | D:4      | Noticed a small abomination
  3208 | D:5      | Entered Level 5 of the Dungeon
  3454 | D:5      | Reached XP level 7. HP: 43/46 MP: 9/11
  3584 | D:5      | Reached skill level 5 in Stealth
  4795 | D:6      | Reached skill level 6 in Stealth
  4941 | D:6      | Reached XP level 8. HP: 24/52 MP: 4/12
  5097 | D:6      | Reached skill level 7 in Stealth
  5103 | D:6      | HP: 1/54 [white imp/puff of frost (8)]
  5112 | D:6      | Shot with an arrow by a centaur

Illustrated notes

Levels and vault maps discovered:
D:1:      dpeg_arrival_long_road, layout_basic
D:2:      layout_basic, corexii_corridor_pit
D:3:      layout_rooms, chequers_temple_overflow_minitemple,
          ebering_ghost_reflecting_pool
D:4:      layout_loops_ring, gammafunk_ghost_abyssal_escape, serial_shops, shop
D:5:      layout_layer_cave, kennysheep_donut
D:6:      minmay_bubble_buster, layout_loops_corners, st_stairs_9

Skill      XL: |  1  2  3  4  5  6  7  8 |
---------------+-------------------------+-----
Stealth        | 1 2 3 4 6 7 |  7.5
Throwing       | 2 3 |  3.6
Dodging        | 3 4 |  4.3
Fighting       | 3 4 |  4.0
Unarmed Combat | 3 4 |  4.1
Spellcasting   | 3 |  3.7
Translocations | 4 |  4.7

Action                     |  1- 3 |  4- 6 |  7- 9 || total
---------------------------+-------+-------+-------++-------
  Melee: Unarmed           |    71 |    93 |   107 ||   271
         Constrict         |    24 |    21 |    13 ||    58
         Tentacles         |     8 |    28 |    18 ||    54
         Punch             |       |     2 |     4 ||     6
  Throw: Dart              |       |     2 |    10 ||    12
         Stone             |       |     7 |     1 ||     8
         Boomerang         |       |       |     7 ||     7
   Cast: Blink             |       |     1 |     2 ||     3
  Evoke: Wand              |       |       |     5 ||     5
    Use: Scroll            |       |       |    10 ||    10
         Potion            |       |       |     7 ||     7
   Stab: Sleeping          |     9 |     8 |     1 ||    18
         Distracted        |       |     1 |     2 ||     3
 Armour: Skin              |     6 |     5 |    14 ||    25
  Dodge: Dodged            |    42 |    35 |    68 ||   145

Table legend: (Time is in decaauts)
 A = Elapsed time spent in this place.
 B = Non-inter-level travel time spent in this place.
 C = Inter-level travel time spent in this place.
 D = Time resting spent in this place.
 E = Time spent auto-exploring this place.
 F = Levels seen in this place.
 G = Mean time per level.
                   A        B        C        D        E       F      G
               +--------+--------+--------+--------+--------+-----+--------+
         Total |   5100 |   4752 |    348 |    112 |   3740 |   6 |  850.0 |
       Dungeon |   5100 |   4752 |    348 |    112 |   3740 |   6 |  850.0 |
               +--------+--------+--------+--------+--------+-----+--------+

Top non-repeatable levels by time:
     D:4: 1382 daAuts
     D:5: 1155 daAuts
     D:1: 768 daAuts
     D:2: 698 daAuts
     D:3: 616 daAuts
     D:6: 479 daAuts
